 Dungeon Crawl Stone Soup version 0.31-a0-981-geadf994542 (webtiles) character file.

Game seed: 8172073632934441616

212 Gladio the Scratcher (level 5, 25/25 HPs)
             Began as a Felid Fighter on Oct 31, 2023.
             Was a Believer of Dithmenos.
             Quit the game on level 4 of the Dungeon.
             The game lasted 00:05:11 (3127 turns).

Gladio the Scratcher (Felid Fighter)                Turns: 3127, Time: 00:05:12

Health: 25/25      AC:  1    Str: 12    XL:     5   Next: 58%
Magic:  6/6        EV: 20    Int: 10    God:    Dithmenos [**....]
Gold:   156        SH:  0    Dex: 17    Spells: 2/4 levels left
                                        Lives:  0   Deaths: 2

rFire   . .          .
                       - Unarmed
rCold   . . .        (shield unavailable)
rNeg    . . .        (body armour unavailable)
rPois   .            (helmet unavailable)
rElec   .            (cloak unavailable)
rCorr   .            (gloves unavailable)
SInv    +            (boots unavailable)
Will    .....        (no amulet)
Stlth   ++           l - ring of wizardry
HPRegen 0.24/turn    (no ring)
MPRegen 0.10/turn

%: wizardry (x1)
@: wreathed by umbra, quick
A: very small, claws 1, fangs 3, see invisible, speed 1, shaggy fur 1, stealthy
paws, no weapons or thrown items, no armour, multi-lived
a: Renounce Religion, Shadow Step


You were on level 4 of the Dungeon.
You worshipped Dithmenos.
Dithmenos was pleased with you.
You visited 1 branch of the dungeon, and saw 4 of its levels.

You collected 156 gold pieces.

Inventory:

Jewellery
 l - a ring of wizardry (left paw)
Scrolls
 e - a scroll of amnesia {unknown}
 g - 2 scrolls of teleportation {unknown}
 h - a scroll of fog {unknown}
 k - a scroll of enchant weapon {unknown}
 m - a scroll of identify {unknown}
 o - a scroll of silence {unknown}
 q - a scroll of revelation {unknown}
 s - a scroll of fear {unknown}
Potions
 b - a potion of degeneration {unknown}
 c - a potion of attraction {unknown}
 d - 2 potions of curing {unknown}
 f - a potion of mutation {unknown}
 i - a potion of brilliance {unknown}
 j - a potion of haste {unknown}
 n - a potion of enlightenment {unknown}
 p - a potion of cancellation {unknown}
 r - a potion of berserk rage {unknown}


   Skills:
 + Level 4.1 Fighting
 + Level 5.4 Dodging
 * Level 5.6 Unarmed Combat


You had 2 spell levels left.
You knew the following spells:

 Your Spells              Type           Power      Damage    Failure   Level
a - Wereblood             Tmut           0%         N/A       22%         2

Your spell library contained the following spells:

 Spells                   Type           Power      Damage    Failure   Level
 Call Canine Familiar     Summ           0%         N/A       41%         3
 Sigil of Binding         Hex            0%         N/A       41%         3
 Leda's Liquefaction      Hex/Erth       0%         N/A       80%         4
 Irradiate                Conj/Tmut      0%         3d11      98%         5
 Dimensional Bullseye     Hex/Tloc       Unusable   N/A       N/A         4

Dungeon Overview and Level Annotations

Branches:
Dungeon (4/15)
 Temple: D:4-7

Altars:
Dithmenos
Okawaru
Ru
Xom

Shops:
D:2 [


Innate Abilities, Weirdness & Mutations

You have sharp claws.
You have razor-sharp teeth.
You have supernaturally acute eyesight. (SInv)
You cover ground quickly. (Speed+)
You are covered in fur. (AC +1)
Your paws help you pounce on unaware monsters.
You are incapable of wielding weapons or throwing items.
You cannot wear armour.
You gain extra lives every three experience levels.


Message History

You closely miss the gnoll.
The gnoll is almost dead.
You closely miss the gnoll.
The gnoll is almost dead.
The gnoll completely misses you. The gnoll hits you with a +0 club.
You are too injured to fight recklessly!
You are too injured to fight recklessly!
You are too injured to fight recklessly!
You are too injured to fight recklessly!
You are too injured to fight recklessly!
You are too injured to fight recklessly!
You are too injured to fight recklessly!
You are too injured to fight recklessly!
You are too injured to fight recklessly!
You are too injured to fight recklessly!
You are too injured to fight recklessly!
You are too injured to fight recklessly!
You are too injured to fight recklessly!
You are too injured to fight recklessly!
You are too injured to fight recklessly!
You are too injured to fight recklessly!
You are too injured to fight recklessly!
The gnoll hits you with a +0 flail.
* * * LOW HITPOINT WARNING * * *
The gnoll attacks as it pursues you! The gnoll misses you.
The gnoll attacks as it pursues you! The gnoll hits you with a +0 club.
* * * LOW HITPOINT WARNING * * *
The gnoll attacks as it pursues you! The gnoll barely misses you.
The gnoll misses you.
You claw the gnoll!
You kill the gnoll!
Dithmenos accepts your kill.
You barely miss the gnoll. The gnoll completely misses you.
You barely miss the gnoll. The gnoll misses you.
You claw the gnoll! You bite the gnoll, but do no damage.
The gnoll is heavily wounded.
The gnoll hits you with a +0 flail!
You die...
You rejoin the land of the living...
Are you sure you want to abandon this character and quit the game? (Confirm with "yes".)

..#.'...+.#.#.#.#
#####...###...#.#
+.#.......###.#.#
#.#'#...#+# #.#.#
....#...#.###.#.#
....##+##..##.#.#
....#...#.....#.#
#.#'###.#.#####.########
+.#...........#.@.......
###.###.#.#...##########
#.#...#.#...#
#.....#.#...#
#######.##.## #.....##.#
#.######.# #.######.#
#........#


There were no monsters in sight!

Vanquished Creatures
  An ogre (D:4)
  2 gnolls (D:4)
  4 adders
  2 dart slugs (D:1)
  7 orcs
  6 ball pythons
  9 endoplasms
  2 giant cockroaches
  6 goblins
  5 hobgoblins
  2 jackals (D:3)
  3 kobolds
  A quokka (D:3)
  7 bats
  3 frilled lizards
  5 rats
65 creatures vanquished.

Notes
Turn   | Place    | Note
-------+----------+-------------------------------------------
     0 | D:1      | Gladio the Felid Fighter began the quest for the Orb.
     0 | D:1      | Reached XP level 1. HP: 10/10 MP: 2/2
   300 | D:1      | Reached XP level 2. HP: 10/14 MP: 3/3
   788 | D:1      | Found a faded altar of an unknown god.
   828 | D:1      | Prayed at the altar of an unknown god.
   828 | D:1      | Became a worshipper of Dithmenos the Shadowed
   828 | D:1      | Reached * piety under Dithmenos
  1005 | D:2      | Found Systru's Antique Armour Emporium.
  1033 | D:2      | Reached XP level 3. HP: 17/17 MP: 4/4
  1754 | D:3      | Found a sacrificial altar of Ru.
  1831 | D:3      | Reached ** piety under Dithmenos
  2007 | D:3      | Reached XP level 4. HP: 19/21 MP: 5/5
  2089 | D:3      | Learned a level 2 spell: Wereblood
  2153 | D:3      | Found an iron altar of Okawaru.
  2208 | D:3      | Found a shimmering altar of Xom.
  2652 | D:4      | Reached skill level 5 in Unarmed Combat
  2829 | D:4      | Noticed an ogre
  2856 | D:4      | Reached skill level 5 in Dodging
  2920 | D:4      | Killed an ogre
  2921 | D:4      | Reached XP level 5. HP: 7/25 MP: 6/6
  3060 | D:4      | HP: 1/25 [orc priest/divine providence (13)]
  3067 | D:4      | Killed from afar by an orc priest
  3126 | D:4      | Mangled by a gnoll
  3127 | D:4      | Quit the game

Illustrated notes

Levels and vault maps discovered:
D:1:      dpeg_arrival_signposts, layout_loops_corners,
          ebering_ecumenical_altar_hall
D:2:      layout_basic, serial_shops, shop
D:3:      layout_loops_ring, nicolae_overflow_squiral, nicolae_ru_awakened_eye
D:4:      nicolae_cairo_tiling_large, layout_basic

Skill      XL: |  1  2  3  4 |
---------------+-------------+-----
Unarmed Combat | 5 |  5.6
Dodging        | 5 |  5.4
Fighting       | 4 |  4.1

Action                     |  1- 3 |  4- 6 || total
---------------------------+-------+-------++-------
  Melee: Unarmed           |   116 |    55 ||   171
         Bite              |    15 |     5 ||    20
         Punch             |     2 |     3 ||     5
    Use: Potion            |       |     1 ||     1
   Stab: Sleeping          |     4 |     2 ||     6
 Armour: Skin              |    20 |    15 ||    35
  Dodge: Dodged            |    83 |    39 ||   122

Table legend: (Time is in decaauts)
 A = Elapsed time spent in this place.
 B = Non-inter-level travel time spent in this place.
 C = Inter-level travel time spent in this place.
 D = Time resting spent in this place.
 E = Time spent auto-exploring this place.
 F = Levels seen in this place.
 G = Mean time per level.
                   A        B        C        D        E       F      G
               +--------+--------+--------+--------+--------+-----+--------+
         Total |   2620 |   2512 |    108 |      0 |   2073 |   4 |  655.0 |
       Dungeon |   2620 |   2512 |    108 |      0 |   2073 |   4 |  655.0 |
               +--------+--------+--------+--------+--------+-----+--------+

Top non-repeatable levels by time:
     D:1: 830 daAuts
     D:4: 602 daAuts
     D:3: 595 daAuts
     D:2: 592 daAuts
